TOP OF THE 1ST |
Alabama Crimson Tide batting - Pitching for Boston College Eagles : RHP Gabriel Stevenson
|
Pitching: RHP Gabriel Stevenson
|
|
Batting: LHB Tom York
|
0-0: DOUBLE (Line Drive, 89D)
|
Batting: RHB Oscar Trent
|
0-0: Foul Ball, location: 2F 0-1: Ball 1-1: Ball 2-1: Swinging Strike 2-2: Foul Ball, location: 2F 2-2: Foul Ball, location: 2F 2-2: Ball 3-2: Base on Balls
|
Batting: LHB Tracy Becker
|
0-0: Ball 1-0: Grounds into double play, 5-4-3 (Groundball, 56) Tom York to third
|
Batting: RHB Shannon Watson
|
0-0: Called Strike 0-1: Ball 1-1: Ball 2-1: Ball 3-1: Base on Balls
|
Batting: RHB Rafael Vargo
|
0-0: Fly out, F7 (Line Drive, 7)
|
Top of the 1st over - 0 runs, 1 hit, 0 errors, 2 left on base; Alabama 0 - Boston College 0 |
BOTTOM OF THE 1ST |
Boston College Eagles batting - Pitching for Alabama Crimson Tide : RHP Dave Roberson
|
Pitching: RHP Dave Roberson
|
|
Batting: RHB Shawn Hanner
|
0-0: Foul Ball, location: 2F 0-1: Ball 1-1: Swinging Strike 1-2: Ball 2-2: Strikes out swinging
|
Batting: SHB Marvin MacGeoch
|
0-0: Called Strike 0-1: SINGLE (Groundball, 34D)
|
Batting: RHB Jim Banks
|
0-0: Foul Ball, location: 2F 0-1: Foul Ball, location: 2F 0-2: Ball 1-2: Ball 2-2: SINGLE (Line Drive, 6M) Marvin MacGeoch to second
|
Batting: RHB Steve Neal
|
0-0: Called Strike 0-1: Ball 1-1: Ball 2-1: Fielders Choice at 2nd, 3-6 (Groundball, 34) Marvin MacGeoch to third
|
Batting: SHB Walt Gómez
|
0-0: Called Strike 0-1: Fly out, F7 (Flyball, 78M)
|
Bottom of the 1st over - 0 runs, 2 hits, 0 errors, 2 left on base; Alabama 0 - Boston College 0 |
TOP OF THE 2ND |
Alabama Crimson Tide batting - Pitching for Boston College Eagles : RHP Gabriel Stevenson
|
Batting: RHB Mike Irvin
|
0-0: Ball 1-0: Bunted foul 1-1: Swinging Strike 1-2: Foul Ball, location: 2F 1-2: Strikes out swinging
|
Batting: RHB John Martin
|
0-0: Ball 1-0: Ball 2-0: Foul Ball, location: 2F 2-1: Foul Ball, location: 2F 2-2: Strikes out swinging
|
Batting: RHB Paco Molina
|
0-0: Foul Ball, location: 2F 0-1: Ball 1-1: Swinging Strike 1-2: Foul Ball, location: 2F 1-2: Strikes out swinging
|
Top of the 2nd over - 0 runs, 0 hits, 0 errors, 0 left on base; Alabama 0 - Boston College 0 |
BOTTOM OF THE 2ND |
Boston College Eagles batting - Pitching for Alabama Crimson Tide : RHP Dave Roberson
|
Batting: SHB Juan Ibarra
|
0-0: Swinging Strike 0-1: Ball 1-1: Fly out, F7 (Flyball, 7)
|
Batting: SHB Héctor Arteago
|
0-0: Ball 1-0: Ball 2-0: Ball 3-0: Called Strike 3-1: Base on Balls
|
Batting: RHB Chris West
|
0-0: Ball 1-0: Fly out, F9 (Flyball, 9LD)
|
Batting: RHB Doug Becker
|
0-0: Ball Wild Pitch! Héctor Arteago to second 1-0: Ball 2-0: Ball 3-0: Base on Balls
|
Batting: RHB Shawn Hanner
|
0-0: Foul Ball, location: 2F 0-1: Swinging Strike 0-2: Ball 1-2: Ball 2-2: Hit by Pitch Héctor Arteago to third Doug Becker to second
|
Batting: SHB Marvin MacGeoch
|
0-0: Ball 1-0: Called Strike 1-1: Ball 2-1: Ball 3-1: Foul Ball, location: 2F 3-2: Base on Balls Héctor Arteago scores Doug Becker to third Shawn Hanner to second
|
Batting: RHB Jim Banks
|
0-0: Ground out U3 (Groundball, 34S)
|
Bottom of the 2nd over - 1 run, 0 hits, 0 errors, 3 left on base; Alabama 0 - Boston College 1 |
TOP OF THE 3RD |
Alabama Crimson Tide batting - Pitching for Boston College Eagles : RHP Gabriel Stevenson
|
Batting: RHB Len Valadez
|
0-0: Ball 1-0: Ball 2-0: Foul Ball, location: 2F 2-1: Ball 3-1: SINGLE (Groundball, 5S) (infield hit)
|
Batting: LHB Tom York
|
0-0: Ball 1-0: Ball 2-0: Called Strike 2-1: Ball 3-1: Base on Balls Len Valadez to second
|
Batting: RHB Oscar Trent
|
0-0: Swinging Strike 0-1: Ball 1-1: Ball Wild Pitch! Len Valadez to third Tom York to second 2-1: Ball 3-1: Base on Balls
|
Batting: LHB Tracy Becker
|
0-0: Ball 1-0: Fly out, F7 (Flyball, 78M) Runner from 3rd tags up, SCORES, no throw
|
Batting: RHB Shannon Watson
|
0-0: Ball 1-0: Called Strike 1-1: Foul Ball, location: 2F 1-2: Grounds into double play, 5-4-3 (Groundball, 5)
|
Top of the 3rd over - 1 run, 1 hit, 0 errors, 1 left on base; Alabama 1 - Boston College 1 |
BOTTOM OF THE 3RD |
Boston College Eagles batting - Pitching for Alabama Crimson Tide : RHP Dave Roberson
|
Batting: RHB Steve Neal
|
0-0: Called Strike 0-1: Ball 1-1: Hit by Pitch
|
Batting: SHB Walt Gómez
|
0-0: Ball 1-0: Foul Ball, location: 2F 1-1: Fly out, F7 (Flyball, 78S)
|
Batting: SHB Juan Ibarra
|
0-0: Called Strike 0-1: Ball 1-1: Fly out, F6 (Popup, 56)
|
Batting: SHB Héctor Arteago
|
0-0: Ball Steve Neal steals 2nd base 1-0: Foul Ball, location: 2F 1-1: Ball 2-1: Ball 3-1: Base on Balls
|
Batting: RHB Chris West
|
0-0: Fly out, F9 (Line Drive, 89S)
|
Bottom of the 3rd over - 0 runs, 0 hits, 0 errors, 2 left on base; Alabama 1 - Boston College 1 |
TOP OF THE 4TH |
Alabama Crimson Tide batting - Pitching for Boston College Eagles : RHP Gabriel Stevenson
|
Batting: RHB Rafael Vargo
|
0-0: Ground out U3 (Groundball, 3)
|
Batting: RHB Mike Irvin
|
0-0: Ball 1-0: Bunt for hit - play at first, batter OUT! 1-3
|
Batting: RHB John Martin
|
0-0: Ball 1-0: Ball 2-0: Ground out 6-3 (Groundball, 56)
|
Top of the 4th over - 0 runs, 0 hits, 0 errors, 0 left on base; Alabama 1 - Boston College 1 |
BOTTOM OF THE 4TH |
Boston College Eagles batting - Pitching for Alabama Crimson Tide : RHP Dave Roberson
|
Batting: RHB Doug Becker
|
0-0: Ball 1-0: Foul Ball, location: 2F 1-1: Foul Ball, location: 2F 1-2: Foul Ball, location: 2F 1-2: Foul Ball, location: 2F 1-2: Foul Ball, location: 2F 1-2: SINGLE (Line Drive, 6MD)
|
Batting: RHB Shawn Hanner
|
0-0: Ball 1-0: Foul Ball, location: 2F 1-1: Called Strike 1-2: Ball 2-2: Ball 3-2: Fly out, F8 (Flyball, 89D)
|
Batting: SHB Marvin MacGeoch
|
0-0: Ball 1-0: Called Strike 1-1: SINGLE (Line Drive, 78S) Doug Becker to second
|
Batting: RHB Jim Banks
|
0-0: Ball 1-0: Swinging Strike 1-1: Swinging Strike 1-2: Ball 2-2: Foul Ball, location: 2F 2-2: Fly out, F8 (Flyball, 8LD)
|
Pitching: LHP Dave Bassett
|
|
Batting: RHB Steve Neal
|
0-0: Ball Wild Pitch! Doug Becker to third Marvin MacGeoch to second 1-0: Ball 2-0: Called Strike 2-1: Ball 3-1: Fly out, F7 (Flyball, 7LS)
|
Bottom of the 4th over - 0 runs, 2 hits, 0 errors, 2 left on base; Alabama 1 - Boston College 1 |
TOP OF THE 5TH |
Alabama Crimson Tide batting - Pitching for Boston College Eagles : RHP Gabriel Stevenson
|
Batting: RHB Paco Molina
|
0-0: Fly out, F6 (Line Drive, 6)
|
Batting: RHB Len Valadez
|
0-0: Ball 1-0: Foul Ball, location: 2F 1-1: Ball 2-1: Ball 3-1: Base on Balls
|
Batting: LHB Tom York
|
0-0: Ball 1-0: Ball 2-0: Called Strike 2-1: Foul Ball, location: 2F 2-2: Ground out 4-3 (Groundball, 4) Len Valadez to second
|
Batting: RHB Oscar Trent
|
0-0: Ball 1-0: Foul Ball, location: 2F 1-1: Ball 2-1: Foul Ball, location: 2F 2-2: Strikes out swinging
|
Top of the 5th over - 0 runs, 0 hits, 0 errors, 1 left on base; Alabama 1 - Boston College 1 |
BOTTOM OF THE 5TH |
Boston College Eagles batting - Pitching for Alabama Crimson Tide : LHP Dave Bassett
|
Batting: SHB Walt Gómez
|
0-0: Ball 1-0: Swinging Strike 1-1: Foul Ball, location: 2F 1-2: Ball 2-2: Ball 3-2: Base on Balls
|
Batting: SHB Juan Ibarra
|
0-0: Called Strike 0-1: Called Strike 0-2: Ball 1-2: Ball 2-2: Foul Ball, location: 2F 2-2: Ball 3-2: Base on Balls Walt Gómez to second
|
Batting: SHB Héctor Arteago
|
0-0: Called Strike 0-1: SINGLE (Flyball, 89S) Walt Gómez to third Juan Ibarra to second Runner from 3rd tries for Home, SAFE, no throw
|
Batting: RHB Chris West
|
0-0: Foul Ball, location: 2F 0-1: Foul Ball, location: 2F 0-2: Foul Ball, location: 2F 0-2: Hit by Pitch Juan Ibarra to third Héctor Arteago to second
|
Batting: RHB Doug Becker
|
0-0: Ball 1-0: Foul Ball, location: 2F 1-1: Called Strike 1-2: Ball 2-2: Foul Ball, location: 2F 2-2: Ball 3-2: SINGLE (Line Drive, 4D) Juan Ibarra scores Héctor Arteago to third Chris West to second
|
Batting: RHB Shawn Hanner
|
0-0: Called Strike 0-1: Ball 1-1: Foul Ball, location: 2F 1-2: Foul Ball, location: 2F 1-2: Ball 2-2: Ball 3-2: Strikes out swinging
|
Batting: SHB Marvin MacGeoch
|
0-0: Foul Ball, location: 2F 0-1: SINGLE (Line Drive, 56) Héctor Arteago scores Chris West to third Doug Becker to second
|
Batting: RHB Jim Banks
|
0-0: Foul Ball, location: 2F 0-1: Foul Ball, location: 2F 0-2: Ball 1-2: Foul Ball, location: 2F 1-2: Ball 2-2: Foul Ball, location: 2F 2-2: GRAND SLAM HOME RUN (Flyball, 78XD), Distance : 387 ft
|
Batting: RHB Steve Neal
|
0-0: Ball 1-0: Ball 2-0: Ball 3-0: Base on Balls
|
Batting: SHB Walt Gómez
|
0-0: Swinging Strike 0-1: Ball 1-1: Called Strike 1-2: Foul Ball, location: 2F 1-2: Foul Ball, location: 2F 1-2: Strikes out looking
|
Batting: SHB Juan Ibarra
|
0-0: Ground out 3-1 (Groundball, 34)
|
Bottom of the 5th over - 7 runs, 4 hits, 0 errors, 1 left on base; Alabama 1 - Boston College 8 |
TOP OF THE 6TH |
Alabama Crimson Tide batting - Pitching for Boston College Eagles : RHP Gabriel Stevenson
|
Batting: LHB Tracy Becker
|
0-0: Ball 1-0: Swinging Strike 1-1: Foul Ball, location: 2F 1-2: Fly out, F7 (Flyball, 7)
|
Batting: RHB Shannon Watson
|
0-0: Swinging Strike 0-1: Ball 1-1: Called Strike 1-2: Fly out, F8 (Flyball, 8LM)
|
Batting: RHB Rafael Vargo
|
0-0: Ball 1-0: Ball 2-0: SINGLE (Line Drive, 4D)
|
Pitching: LHP Cecil Stone
|
|
Batting: RHB Mike Irvin
|
0-0: Foul Ball, location: 2F 0-1: Ball 1-1: Foul Ball, location: 2F 1-2: Strikes out swinging
|
Top of the 6th over - 0 runs, 1 hit, 0 errors, 1 left on base; Alabama 1 - Boston College 8 |
BOTTOM OF THE 6TH |
Boston College Eagles batting - Pitching for Alabama Crimson Tide : LHP Dave Bassett
|
Batting: SHB Héctor Arteago
|
0-0: Called Strike 0-1: Ball 1-1: Ball 2-1: Ball 3-1: Base on Balls
|
Pitching: RHP Roberto Ilana
|
|
Batting: RHB Chris West
|
0-0: Ball 1-0: Ball 2-0: Ball 3-0: Called Strike 3-1: Base on Balls Héctor Arteago to second
|
Batting: RHB Doug Becker
|
0-0: Called Strike 0-1: Ball 1-1: Called Strike 1-2: Foul Ball, location: 2F 1-2: Strikes out swinging
|
Batting: RHB Shawn Hanner
|
0-0: Ball 1-0: Fly out, F8 (Flyball, 78D)
|
Batting: SHB Marvin MacGeoch
|
0-0: Called Strike 0-1: Ball 1-1: Swinging Strike 1-2: Ball 2-2: Foul Ball, location: 2F 2-2: Foul Ball, location: 2F 2-2: Ball 3-2: Foul Ball, location: 2F 3-2: Foul Ball, location: 2F 3-2: SINGLE (Line Drive, 4M) Héctor Arteago to third Chris West to second Héctor Arteago scores Chris West to third
|
Batting: RHB Jim Banks
|
0-0: Ball 1-0: Foul Ball, location: 2F 1-1: Called Strike 1-2: Foul Ball, location: 2F 1-2: Foul Ball, location: 2F 1-2: Ball 2-2: Ball 3-2: SINGLE (Groundball, 6MD) Chris West scores Marvin MacGeoch to second Marvin MacGeoch to third
|
Batting: RHB Steve Neal
|
0-0: Ball Wild Pitch! Marvin MacGeoch scores Jim Banks to second 1-0: Fly out, F8 (Flyball, 8LM)
|
Bottom of the 6th over - 3 runs, 2 hits, 0 errors, 1 left on base; Alabama 1 - Boston College 11 |
TOP OF THE 7TH |
Alabama Crimson Tide batting - Pitching for Boston College Eagles : LHP Cecil Stone
|
Batting: RHB John Martin
|
0-0: Called Strike 0-1: Foul Ball, location: 2F 0-2: Strikes out swinging
|
Batting: RHB Paco Molina
|
0-0: SINGLE (Line Drive, 89M)
|
Pinch Hitting: RHB Chris Bass
|
0-0: Ball 1-0: Foul Ball, location: 2F 1-1: Swinging Strike 1-2: Fly out, F7 (Flyball, 7)
|
Batting: LHB Tom York
|
0-0: Called Strike 0-1: Ball 1-1: Called Strike 1-2: Foul Ball, location: 2F 1-2: Ball 2-2: Foul Ball, location: 2F 2-2: Ball 3-2: Ground out 4-3 (Groundball, 4)
|
Top of the 7th over - 0 runs, 1 hit, 0 errors, 1 left on base; Alabama 1 - Boston College 11 |
BOTTOM OF THE 7TH |
Boston College Eagles batting - Pitching for Alabama Crimson Tide : RHP Roberto Ilana
|
Now at SS: Chris Bass
|
|
Batting: SHB Walt Gómez
|
0-0: Fly out, F6 (Popup, P)
|
Batting: SHB Juan Ibarra
|
0-0: Ground out 6-3 (Groundball, 6M)
|
Batting: SHB Héctor Arteago
|
0-0: Ball 1-0: Called Strike 1-1: DOUBLE (Groundball, 3L)
|
Batting: RHB Chris West
|
0-0: Foul Ball, location: 2F 0-1: Ball 1-1: Swinging Strike 1-2: Ball 2-2: Foul Ball, location: 2F 2-2: Fly out, F2 (Popup, 2LF)
|
Bottom of the 7th over - 0 runs, 1 hit, 0 errors, 1 left on base; Alabama 1 - Boston College 11 |
TOP OF THE 8TH |
Alabama Crimson Tide batting - Pitching for Boston College Eagles : LHP Cecil Stone
|
Batting: RHB Oscar Trent
|
0-0: Foul Ball, location: 2F 0-1: Foul Ball, location: 2F 0-2: Ground out 3-1 (Groundball, 34)
|
Batting: LHB Tracy Becker
|
0-0: Ball 1-0: Ball 2-0: Ball 3-0: Called Strike 3-1: Base on Balls
|
Batting: RHB Shannon Watson
|
0-0: Ball 1-0: Foul Ball, location: 2F 1-1: Swinging Strike 1-2: Ball 2-2: Strikes out swinging
|
Batting: RHB Rafael Vargo
|
0-0: Ball 1-0: Ground out 5-3 (Groundball, 56S)
|
Top of the 8th over - 0 runs, 0 hits, 0 errors, 1 left on base; Alabama 1 - Boston College 11 |
BOTTOM OF THE 8TH |
Boston College Eagles batting - Pitching for Alabama Crimson Tide : RHP Roberto Ilana
|
Batting: RHB Doug Becker
|
0-0: Called Strike 0-1: Fly out, F5 (Popup, 5SF)
|
Batting: RHB Shawn Hanner
|
0-0: Swinging Strike 0-1: Fly out, F2 (Popup, 2RF)
|
Batting: SHB Marvin MacGeoch
|
0-0: Swinging Strike 0-1: Swinging Strike 0-2: Foul Ball, location: 2F 0-2: Foul Ball, location: 2F 0-2: Foul Ball, location: 2F 0-2: Strikes out swinging
|
Bottom of the 8th over - 0 runs, 0 hits, 0 errors, 0 left on base; Alabama 1 - Boston College 11 |
TOP OF THE 9TH |
Alabama Crimson Tide batting - Pitching for Boston College Eagles : LHP Cecil Stone
|
Now in CF: John Clement
|
|
Batting: RHB Mike Irvin
|
0-0: DOUBLE (Line Drive, 7D)
|
Batting: RHB John Martin
|
0-0: Ball 1-0: Called Strike 1-1: Foul Ball, location: 2F 1-2: Ball 2-2: Ball 3-2: Foul Ball, location: 2F 3-2: 2-RUN HOME RUN (Flyball, 7D), Distance : 362 ft
|
Batting: RHB Paco Molina
|
0-0: Called Strike 0-1: Reached on error, E4 (Flyball, 4MD)
|
Batting: RHB Chris Bass
|
0-0: Ball 1-0: Ball 2-0: Ball 3-0: Foul Ball, location: 2F 3-1: Called Strike 3-2: Foul Ball, location: 2F 3-2: Foul Ball, location: 2F 3-2: DOUBLE (Line Drive, 78M) Paco Molina to third
|
Batting: LHB Tom York
|
0-0: Called Strike 0-1: Foul Ball, location: 2F 0-2: Ball 1-2: Ball 2-2: SINGLE (Groundball, 34D) Paco Molina scores Chris Bass to third
|
Batting: RHB Oscar Trent
|
0-0: Ball 1-0: Ball 2-0: Grounds into double play, 6-4-3 (Groundball, 6) Chris Bass scores
|
Batting: LHB Tracy Becker
|
0-0: Ball 1-0: Called Strike 1-1: Ball 2-1: Called Strike 2-2: Strikes out swinging
|
Top of the 9th over - 4 runs, 4 hits, 1 error, 0 left on base; Alabama 5 - Boston College 11 |
|